 Dungeon Crawl Stone Soup version 0.31.0-9-g3a7656b989 (webtiles) character file.

Game seed: 2496639945660994181

33 qw the Shooter (level 3, -7/20 HPs)
             Began as a Deep Elf Hunter on Feb 2, 2024.
             Mangled by Sigmund
             ... wielding a +0 scythe of flaming
              (9 damage)
             ... on level 2 of the Dungeon.
             The game lasted 00:00:02 (672 turns).

qw the Shooter (Deep Elf Hunter)                     Turns: 672, Time: 00:00:02

Health: -7/20      AC:  4    Str: 10    XL:     3   Next: 12%
Magic:  5/5        EV: 12    Int: 13    God:
Gold:   16         SH:  0    Dex: 18    Spells: 2/2 levels left

rFire   . . .        a - +0 shortbow
rCold   . . .        (shield currently unavailable)
rNeg    . . .        c - +0 leather armour
rPois   .            d - +0 helmet
rElec   .            (no cloak)
rCorr   .            (no gloves)
SInv    .            (no boots)
Will    .....        (no amulet)
Stlth   ++           (no ring)
HPRegen 0.23/turn    (no ring)
MPRegen 0.09/turn

%: no passive effects
@: no status effects
A: no striking features
a: no special abilities


You were on level 2 of the Dungeon.
You visited 1 branch of the dungeon, and saw 2 of its levels.

You collected 16 gold pieces.


   Skills:
 - Level 1.5 Fighting
 + Level 6.7 Ranged Weapons
 - Level 2.4 Dodging
 - Level 1.2 Stealth


You had 2 spell levels left.
You didn't know any spells.
Your spell library was empty.

Inventory:

Hand Weapons
 a - a +0 shortbow (weapon)
Armour
 c - a +0 leather armour (worn)
 d - a +0 helmet (worn)
Scrolls
 b - a scroll of butterflies
Potions
 f - 2 potions of heal wounds {unknown}
 h - a potion of degeneration {unknown}
 i - a potion of berserk rage {unknown}
 k - a potion of ambrosia {unknown}

Dungeon Overview and Level Annotations

Branches:
Dungeon (2/15)

Altars:

Annotations:
D:2 Sigmund


Message History

You shoot an arrow. The arrow hits the adder!
You kill the adder!
You feel sick. The goblin hits you with a +0 club.
You have reached level 3!
Your experience leads to an increase in your attributes!
Increase (S)trength, (I)ntelligence, or (D)exterity?
You feel stronger. x2
You shoot an arrow. The arrow hits the goblin!
You kill the goblin!
You feel sick.
Sigmund the Dreaded comes into view.
He is wielding a +0 scythe of flaming.
You shoot an arrow. The arrow closely misses Sigmund.
You feel sick.
You start resting.
You feel sick.
You are no longer poisoned.
Sigmund is nearby!
You shoot an arrow. The arrow completely misses Sigmund.
You shoot an arrow.
The arrow hits Sigmund but does no damage.
Sigmund hits you but does no damage.
You shoot an arrow. The arrow hits Sigmund.
Sigmund is lightly wounded.
You shoot an arrow. The arrow closely misses Sigmund.
Sigmund closely misses you.
You shoot an arrow. The arrow hits Sigmund.
Sigmund is moderately wounded.
Sigmund closely misses you.
You shoot an arrow. The arrow hits Sigmund.
Sigmund is heavily wounded.
Sigmund hits you from afar with a +0 scythe of flaming!
Sigmund burns you.
You shoot an arrow. The arrow hits Sigmund.
Sigmund is heavily wounded.
You shoot an arrow.
The arrow hits Sigmund but does no damage.
Sigmund is heavily wounded.
Sigmund hits you from afar with a +0 scythe of flaming!
You die...
Sigmund begins carving another notch in his scythe.

*,,**,,,,*,,,,* #>...#
*,,**,,,,#....###..#.###
*,,**,***_###.###..#.###
*>,**,,,,#....###..#.###
,,,,*,,,,#....###..#(###
,,,**,,**###..###..#.###
,,,,*,,,,#....#....#.###
,,,******+#######.##.###
,,,**,,,,.#.#.##@..#.###
,,,,,,,,,<....@)%....###
,*,*,,,,*##.#.##...#####
,*,,,,,,,.........######
,*,*,*,*,##.#..#########
,,,,,,,,,...##.#########
,,,,,*,*,##.##.#########
,**,*,,,*##.##.#########
,**,**,** *,**,*


You could see Sigmund.

Vanquished Creatures
  An adder (D:2)
  2 ball pythons
  4 endoplasms
  A giant cockroach (D:1)
  3 goblins
  2 kobolds (D:1)
  A quokka (D:1)
  3 bats (D:1)
  4 frilled lizards (D:1)
  A rat (D:1)
22 creatures vanquished.

Notes
Turn   | Place    | Note
-------+----------+-------------------------------------------
     0 | D:1      | qw the Deep Elf Hunter began the quest for the Orb.
     0 | D:1      | Reached XP level 1. HP: 12/12 MP: 3/3
     0 | D:1      | 0 ||| qw: Version: 0.3-a-155-g5e7d8dd
     0 | D:1      | 0 ||| qw: Game counter: 971
     0 | D:1      | 0 ||| qw: Melee chars always use a shield: true
     0 | D:1      | 0 ||| qw: God list: Okawaru
     0 | D:1      | 0 ||| qw: Allow faded altars: false
     0 | D:1      | 0 ||| qw: Do Orc after clearing Dungeon:15 true
     0 | D:1      | 0 ||| qw: Do second Lair branch before Depths: true
     0 | D:1      | 0 ||| qw: Lair rune preference: random
     0 | D:1      | 0 ||| qw: Goals: Normal
     0 | D:1      | 0 ||| PLANNING D:1-11
   177 | D:1      | Reached XP level 2. HP: 16/16 MP: 4/4
   181 | D:1      | Reached skill level 6 in Ranged Weapons
   621 | D:1      | You fall into a shaft and drop 1 floor!
   651 | D:2      | 651 ||| UPGRADING to +0 helmet.
   656 | D:2      | 656 ||| READING scroll labelled JIZXOS LI JUR.
   657 | D:2      | 657 ||| READING scroll labelled DOT ANGIUXTIU.
   657 | D:2      | Found a faded altar of an unknown god.
   658 | D:2      | 658 ||| READING scroll labelled QORIRA HOTY.
   662 | D:2      | Reached XP level 3. HP: 13/20 MP: 5/5
   662 | D:2      | Noticed Sigmund
   670 | D:2      | HP: 4/20 [Sigmund/+0 scythe of flaming (8)]
   672 | D:2      | Mangled by Sigmund

Levels and vault maps discovered:
D:1:      dpeg_arrival_arbitrary_c, layout_basic
D:2:      layout_loops_ring, shapermc_ecumenical_altar_notcrosses, uniq_sigmund

Skill      XL: |  1  2 |
---------------+-------+-----
Ranged Weapons | 6 |  6.7
Fighting       | |  1.5
Dodging        | |  2.4
Stealth        | |  1.2

Action                     || total
---------------------------++-------
   Fire: Shortbow          ||    53
    Use: Scroll            ||     3
 Armour: Leather armour    ||     6
  Dodge: Dodged            ||     4

Table legend:
 A = Non-vault XP
 B = Vault XP
 C = Vault XP percentage of total XP
 D = Non-vault monster count
 E = Vault monster count
 F = Vault count percentage of total count
                 A         B        C        D         E       F
            +---------+---------+-------+---------+---------+-------
      Total |      48 |       0 |   0.0 |      22 |       0 |   0.0
            +---------+---------+-------+---------+---------+-------
        D:1 |      29 |       0 |   0.0 |      18 |       0 |   0.0
        D:2 |      19 |       0 |   0.0 |       4 |       0 |   0.0
            +---------+---------+-------+---------+---------+-------
